 Dungeon Crawl Stone Soup version 0.25.0-1-g7eea58d (webtiles) character file.

Game seed: 3109874227984292000

423 malesh the Poker (level 6, 0/49 HPs)
             Began as a Merfolk Skald on June 16, 2020.
             Slain by an ogre
             ... wielding a +0 giant club
              (9 damage)
             ... on level 4 of the Dungeon.
             The game lasted 00:15:23 (5006 turns).

malesh the Poker (Merfolk Skald)                    Turns: 5006, Time: 00:15:23

Health: 0/49       AC:  5    Str: 13    XL:     6   Next: 95%
Magic:  4/9        EV: 13    Int: 13    God:
Gold:   160        SH:  5    Dex: 19    Spells: 4/9 levels left

rFire    + . .     SeeInvis .   a - +0 spear
rCold    . . .     Gourm    .   p - +0 buckler
rNeg     . . .     Faith    .   b - +0 leather armour
rPois    .         Spirit   .   o - +0 helmet
rElec    .         Reflect  .   (no cloak)
rCorr    .         Harm     .   r - +0 pair of gloves
MR       .....                  (no boots)
Stlth    +.........             (no amulet)
HPRegen  0.16/turn              h - ring of protection from fire
MPRegen  0.11/turn              i - +6 ring of dexterity

@: infused
A: change form in water, swift swim, stealthy swim
a: no special abilities


You were on level 4 of the Dungeon.
You were not hungry.

You visited 1 branch of the dungeon, and saw 4 of its levels.
You also visited: Sewer.

You collected 160 gold pieces.

Inventory:

Hand Weapons
 a - a +0 spear (weapon)
Armour
 b - a +0 leather armour (worn)
 g - a +2 kite shield
 o - a +0 helmet (worn)
 p - a +0 buckler (worn)
 r - a +0 pair of gloves (worn)
Jewellery
 f - an uncursed ring of see invisible {unknown}
 h - a ring of protection from fire (left hand)
 i - a +6 ring of dexterity (right hand)
Scrolls
 u - a scroll of magic mapping
Potions
 c - 2 potions of brilliance {unknown}
 e - 2 potions of stabbing
 j - a potion of haste {unknown}
 k - a potion of heal wounds {unknown}
 l - a potion of magic {unknown}
 m - a potion of mutation {unknown}
 n - a potion of might {unknown}
 q - a potion of lignification {unknown}
 s - 2 potions of degeneration {unknown}
 t - 2 potions of curing {unknown}
 v - a potion of flight {unknown}
Comestibles
 d - 8 rations
 w - 3 chunks of flesh


   Skills:
 * Level 4.5 Fighting
 * Level 5.9 Polearms
 - Level 0.6 Armour
 - Level 3.1 Dodging
 + Level 2.0 Shields
 - Level 2.0 Spellcasting
 * Level 5.2 Charms


You had 4 spell levels left.
You knew the following spells:

 Your Spells              Type           Power        Failure   Level  Hunger
a - Infusion              Chrm           ##..         4%          1    ##.....
b - Song of Slaying       Chrm           ##......     7%          2    ###....
c - Shroud of Golubria    Chrm/Tloc      #.....       22%         2    ###....

Your spell library contained the following spells:

 Spells                   Type           Power        Failure   Level  Hunger
 Sting                    Tmut/Pois      #...         38%         1    ##.....
 Ozocubu's Armour         Chrm/Ice       #.......     38%         3    ####...
 Spectral Weapon          Hex/Chrm       #.......     38%         3    ####...


Dungeon Overview and Level Annotations

Branches:
Dungeon (4/15)              Sewer (visited)
 Temple: D:4-7

Altars:
Elyvilon
Sif Muna


Message History

You hit the ogre.
The ogre is lightly wounded.
The ogre hits you with a +0 giant club!!
You hit the ogre!
The ogre is heavily wounded.
You hit the ogre.
The ogre is heavily wounded.
An orc wizard comes into view. It is wielding a +0 dagger.
The ogre hits you with a +0 giant club!!
* * * LOW HITPOINT WARNING * * *
You are too injured to fight recklessly!
Okay, then.
Your shield prevents you from hitting the ogre.
The ogre is heavily wounded.
An orc comes into view. It is wielding a +0 dagger.
The orc wizard shouts!
You hit the ogre!
The ogre is almost dead.
The ogre hits you with a +0 giant club!
You die...

#........# #. #. #. ##
## ############## ..
oo....O@.....#
.###################.#
#.#........รท......#
#.#
..#.#############.###.#
<##.# #.....# ###.#
####### # #.# ###.#
....#


You could see an ogre, an orc wizard and an orc.

Vanquished Creatures
  A scorpion (D:4)
  A howler monkey (D:3)
  A hound (D:4)
  2 orc wizards (D:4)
  3 worker ants (D:4)
  8 adders
  An ooze (D:1)
  A worm (D:3)
  6 leopard geckos
  2 orcs (D:3)
  5 ball pythons
  8 bats
  2 giant cockroaches
  8 goblins
  9 hobgoblins
  15 jackals
  12 kobolds
  3 quokkas
  6 frilled lizards
  7 rats
  2 plants (Sewer)
103 creatures vanquished.

Notes
Turn   | Place    | Note
-------+----------+-------------------------------------------
     0 | D:1      | malesh the Merfolk Skald began the quest for the Orb.
     0 | D:1      | Reached XP level 1. HP: 16/16 MP: 3/3
    60 | D:1      | Reached XP level 2. HP: 15/23 MP: 0/5
   423 | D:1      | Learned a level 2 spell: Song of Slaying
   613 | D:1      | Reached XP level 3. HP: 23/28 MP: 2/6
   815 | D:1      | Learned a level 2 spell: Shroud of Golubria
  1512 | D:2      | Reached XP level 4. HP: 29/35 MP: 5/7
  1887 | D:3      | Found a white marble altar of Elyvilon.
  1974 | D:3      | Reached XP level 5. HP: 24/41 MP: 1/8
  2107 | D:3      | Found a glowing drain.
  2196 | Sewer    | Entered a sewer
  2287 | Sewer    | Reached skill level 1 in Shields
  3484 | D:4      | Reached skill level 5 in Polearms
  3607 | D:4      | Reached XP level 6. HP: 22/48 MP: 5/9
  4041 | D:4      | Found a shimmering blue altar of Sif Muna.
  4090 | D:4      | HP: 2/48 [poisoned by a scorpion]
  4426 | D:4      | Reached skill level 5 in Charms
  4448 | D:4      | Identified Sif Muna's Handbook of Poison
  5006 | D:4      | Slain by an ogre

Illustrated notes

Levels and vault maps discovered:
D:1:      eino_arrival_cavern_c, layout_rooms
D:2:      layout_loops_ring
D:3:      layout_loops_ring, lemuel_round_altar, portal_sewer_entry_d
D:4:      layout_basic, first_ration, led_sif_book

Skill      XL: |  1  2  3  4  5  6 |
---------------+-------------------+-----
Dodging        | 3 |  3.1
Fighting       | 3 4 |  4.5
Polearms       | 4 5 |  5.9
Charms         | 4 5 |  5.2
Shields        | 1 2 |  2.0
Armour         | |  0.6
Spellcasting   | |  2.0

Action                   |  1- 3 |  4- 6 || total
-------------------------+-------+-------++-------
Melee: Spear             |    96 |   411 ||   507
       Tailslap          |       |    20 ||    20
 Cast: Infusion          |    18 |    22 ||    40
  Use: Scroll            |       |     5 ||     5
 Stab: Sleeping          |     1 |     3 ||     4
  Eat: Chunk             |     2 |    12 ||    14
Armor: Leather armour    |    15 |    53 ||    68
Dodge: Dodged            |    34 |   117 ||   151
Block: Buckler           |     3 |    44 ||    47
